 Dungeon Crawl Stone Soup version 0.31-a0-348-g810772c3d7 (webtiles) character file.

Game seed: 12829441533415111169

1353477 GordonOverkill the Englaciator (level 25, 204/204 HPs)
             Began as a Mummy Delver on July 22, 2023.
             Was the Champion of Vehumet.
             Escaped with the Orb
             ... and 3 runes on July 23, 2023!
             The game lasted 04:48:05 (108812 turns).

GordonOverkill the Englaciator (Mummy Delver)     Turns: 108812, Time: 04:48:06

Health: 204/204    AC: 19    Str: 14 (20) XL:     25   Next: 80%
Magic:  51/51      EV: 16    Int: 18 (24) God:    Vehumet [******]
Gold:   6890       SH:  0    Dex:  6 (14) Spells: 15/72 levels left

rFire   + + +        b - +2 dagger of Prudence {heavy, rF+++ Str+4 Stlth+}
rCold   + + .        (no shield)
rNeg    + + +        Q - +5 steam dragon scales of Past Mistakes {rElec}
rPois   ∞            N - +3 crown of Dyrovepreva {rElec Int+2 SInv}
rElec   +            y - scarf {rC+ rF+}
rCorr   .            S - +2 pair of gloves {Stlth+}
SInv    +            A - +2 pair of boots {Stlth+}
Will    ++++.        e - amulet of magic regeneration
Stlth   ++           g - ring "Fayffick" {EV+5 Int+2}
HPRegen 0.54/turn    o - ring of willpower
MPRegen 0.72/turn

%: faith
@: studying Staves
A: cold resistance 1, negative energy resistance 3, torment resistance 2, heat
vulnerability 1, in touch with death 2, no potions, faith
0: Orb of Zot
}: 3/15 runes: serpentine, barnacled, silver
a: Renounce Religion


You escaped.
You worshipped Vehumet.
Vehumet was exalted by your worship.
You visited 10 branches of the dungeon, and saw 48 of its levels.
You visited the Abyss 1 time.
You also visited: Gauntlet.

You collected 10288 gold pieces.
You spent 3398 gold pieces at shops.

Inventory:

Hand Weapons
 a - the +5 demon blade "Xiereas" {freeze, rElec rCorr Int+5}
   (You took it off a spriggan berserker on level 3 of the Depths)

   Int:       It affects your intelligence (+5).
   rElec:     It insulates you from electricity.
   rCorr:     It protects you from acid and corrosion.
 b - the +2 dagger of Prudence (weapon) {heavy, rF+++ Str+4 Stlth+}
   (You took it off a minotaur in a Gauntlet)

   Str:       It affects your strength (+4).
   rF:        It renders you almost immune to fire.
   Stlth:     It makes you more stealthy.
 W - the +5 hand axe "Zyxorr" {freeze, Fly Str+3 Dex+4}
   (You found it on level 15 of the Dungeon)

   Str:       It affects your strength (+3).
   Dex:       It affects your dexterity (+4).
   Fly:       It grants you flight.
Missiles
 c - 5 throwing nets
 B - 32 boomerangs (quivered)
Armour
 w - the +1 cloak of Greed {Will+}
   (You found it on level 4 of the Shoals)

   Will:      It increases your willpower.
 y - a scarf of resistance (worn)
 A - a +2 pair of boots of stealth (worn)
 N - the +3 crown of Dyrovepreva (worn) {rElec Int+2 SInv}
   (You found it on level 5 of the Vaults)

   Int:       It affects your intelligence (+2).
   rElec:     It insulates you from electricity.
   SInv:      It lets you see invisible.
 O - the +1 cloak of the Forest {-Tele rCorr Str+4 Int+2}
   (You found it on level 1 of the Depths)

   Str:       It affects your strength (+4).
   Int:       It affects your intelligence (+2).
   -Tele:     It prevents most forms of teleportation.
   rCorr:     It protects you from acid and corrosion.
 Q - the +5 steam dragon scales of Past Mistakes (worn) {rElec}
   (You took it off a minotaur in a Gauntlet)

   rElec:     It insulates you from electricity.
 S - a +2 pair of gloves of stealth (worn)
Magical Staves
 Y - a staff of cold
Jewellery
 e - an amulet of magic regeneration (around neck)
 g - the ring "Fayffick" (left hand) {EV+5 Int+2}
   (You found it on level 6 of the Dungeon)

   [ring of evasion]

   EV:        It affects your evasion (+5).
   Int:       It affects your intelligence (+2).
 j - a ring of magical power
 o - a ring of willpower (right hand)
 r - a ring of wizardry
 t - the amulet of Quptaat {rC+ Regen+ rCorr Dex+3}
   (You acquired it on level 1 of the Realm of Zot)

   [amulet of regeneration]

   Dex:       It affects your dexterity (+3).
   rC:        It protects you from cold.
   Regen:     It increases your rate of health regeneration.
   rCorr:     It protects you from acid and corrosion.
 u - an amulet of guardian spirit
 v - the amulet "Zicaasha" {Reflect Str+2 SH+5}
   (You took it off a deep elf knight on level 2 of the Elven Halls)

   [amulet of reflection]

   It reflects blocked missile attacks.
   Str:       It affects your strength (+2).
   SH:        It affects your SH (+5).
 L - a ring of protection from cold
 P - a ring of see invisible
 T - a +6 ring of strength
 V - a ring of wizardry
 X - a ring of protection from fire
 Z - the ring of the Manifold Places {rF+ rCorr Str+4 Slay-2}
   (You found it on level 5 of the Vaults)

   [ring of resist corrosion]

   Str:       It affects your strength (+4).
   Slay:      It affects your accuracy & damage with ranged weapons and melee
   (-2).
   rF:        It protects you from fire.
   rCorr:     It protects you from acid and corrosion.
Wands
 f - a wand of digging (6)
 k - a wand of mindburst (26)
 s - a wand of iceblast (35)
 z - a wand of paralysis (52)
 I - a wand of polymorph (18)
 J - a wand of light (33)
Scrolls
 d - 5 scrolls of revelation
 h - 3 scrolls of fear
 i - 5 scrolls of torment
 m - 7 scrolls of vulnerability
 n - 24 scrolls of teleportation
 p - 35 scrolls of identify
 q - 7 scrolls of butterflies
 C - 5 scrolls of silence
 D - 5 scrolls of amnesia
 F - 7 scrolls of immolation
 G - 4 scrolls of poison
 K - 3 scrolls of fog
Miscellaneous
 l - a phantom mirror
 E - a box of beasts
 M - a lightning rod (4/4)
 R - a phial of floods


   Skills:
 + Level 18.1 Fighting
 - Level 5.0 Short Blades
 - Level 2.0 Throwing
 - Level 2.0 Dodging
 - Level 5.0 Stealth
 - Level 24.0 Spellcasting
 + Level 12.0 Conjurations
 - Level 6.0 Hexes
 - Level 2.1 Necromancy
 - Level 3.0 Translocations
 - Level 5.0 Transmutations
 O Level 27 Ice Magic
 - Level 4.0 Air Magic
 - Level 4.0 Earth Magic
 - Level 14.0 Evocations


You had 15 spell levels left.
You knew the following spells:

 Your Spells              Type           Power      Damage    Failure   Level
c - Blink                 Tloc           64%        N/A       1%          2
d - Passwall              Tmut/Erth      30%        N/A       1%          2
e - Swiftness             Air            36%        N/A       1%          3
f - Metabolic Englaciati  Hex/Ice        34%        N/A       1%          5
g - Freezing Cloud        Conj/Ice/Air   32%        6-21      1%          5
h - Irradiate             Conj/Tmut      25%        3d20      1%          5
i - Ozocubu's Refrigerat  Ice            43%        4d17      1%          7
j - Polar Vortex          Ice            43%        12d5*     1%          9
k - Lehudib's Crystal Sp  Conj/Erth      25%        10d7      71%         8
l - Orb of Destruction    Conj           30%        9d10      3%          7
m - Dispel Undead         Necr           60%        3d21      8%          4

Your spell library contained the following spells:

 Spells                   Type           Power      Damage    Failure   Level
 Maxwell's Capacitive Co  Air            18%        ∞         99%         8
 Fire Storm               Conj/Fire      21%        8d6       100%        9
 Freeze                   Ice            100%       1d10      0%          1
 Ensorcelled Hibernation  Hex/Ice        100%       N/A       0%          2
 Frozen Ramparts          Ice            100%       1d16      0%          3
 Hailstorm                Conj/Ice       75%        3d15      0%          3
 Foxfire                  Conj/Fire      100%       2x1d9     1%          1
 Kiss of Death            Conj/Necr      100%       2d13      1%          1
 Necrotise                Necr           100%       1d9       1%          1
 Sandblast                Erth           72%        2d16      1%          1
 Slow                     Hex            100%       N/A       1%          1
 Sting                    Tmut/Pois      100%       1d8       1%          1
 Lesser Beckoning         Tloc           64%        N/A       1%          2
 Momentum Strike          Conj/Tloc      96%        3d10      1%          2
 Poisonous Vapours        Pois/Air       56%        N/A       1%          2
 Confusing Touch          Hex            43%        N/A       1%          3
 Dazzling Flash           Conj/Hex       100%       N/A       1%          3
 Gell's Gravitas          Tloc           32%        N/A       1%          3
 Inner Flame              Hex/Fire       32%        N/A       1%          3
 Portal Projectile        Hex/Tloc       74%        N/A       1%          3
 Stone Arrow              Conj/Erth      100%       3d13      1%          3
 Summon Guardian Golem    Hex/Summ       32%        N/A       1%          3
 Teleport Other           Tloc           32%        N/A       1%          3
 Tukima's Dance           Hex            43%        N/A       1%          3
 Cause Fear               Hex            21%        N/A       1%          4
 Iskenderun's Mystic Bla  Conj/Tloc      48%        2d11      1%          4
 Summon Ice Beast         Ice/Summ       63%        N/A       1%          4
 Simulacrum               Ice/Necr       52%        N/A       1%          6
 Vampiric Draining        Necr           60%        2d10      2%          3
 Leda's Liquefaction      Hex/Erth       19%        N/A       2%          4
 Lee's Rapid Deconstruct  Erth           18%        3d11*     2%          5
 Anguish                  Hex/Necr       34%        N/A       3%          4
 Conjure Ball Lightning   Conj/Air       25%        3x3d7     3%          6
 Leda's Unmaking          Conj/Erth      25%        9d5       3%          6
 Call Canine Familiar     Summ           21%        N/A       5%          3
 Manifold Assault         Tloc           32%        N/A       5%          4
 Olgreb's Toxic Radiance  Pois           21%        N/A       5%          4
 Passage of Golubria      Tloc           32%        N/A       5%          4
 Silence                  Hex/Air        19%        N/A       7%          5
 Starburst                Conj/Fire      21%        6d7       7%          6
 Animate Dead             Necr           60%        N/A       8%          4
 Animate Armour           Summ/Erth      56%        N/A       9%          4
 Summon Lightning Spire   Summ/Air       28%        N/A       9%          4
 Borgnjor's Vile Clutch   Necr/Erth      32%        N/A       16%         5
 Summon Mana Viper        Hex/Summ       32%        N/A       16%         5
 Alistair's Intoxication  Tmut/Pois      20%        N/A       19%         5
 Agony                    Necr           60%        N/A       22%         5
 Eringya's Noxious Bog    Tmut/Pois      15%        4d6       26%         6
 Summon Forest            Summ/Tloc      13%        N/A       28%         5
 Plasma Beam              Fire/Air       14%        2x1d25    30%         6
 Spellforged Servitor     Conj/Summ      21%        N/A       32%         7
 Dispersal                Tloc           16%        N/A       63%         6
 Enfeeble                 Hex            21%        N/A       80%         7
 Haunt                    Necr/Summ      27%        N/A       100%        7
 Malign Gateway           Summ/Tloc      13%        N/A       100%        7
 Monstrous Menagerie      Summ           10%        N/A       100%        7
 Summon Hydra             Summ           10%        N/A       100%        7
 Discord                  Hex            21%        N/A       100%        8
 Disjunction              Tloc           16%        N/A       100%        8
 Summon Horrible Things   Summ           10%        N/A       100%        8
 Borgnjor's Revivificati  Necr           Unusable   N/A       N/A         8
 Death's Door             Necr           Unusable   N/A       N/A         9

Dungeon Overview and Level Annotations

Branches:
Dungeon (15/15)            Temple (1/1) D:5            Lair (5/5) D:8
 Shoals (4/4) Lair:2        Snake (4/4) Lair:3        Slime (0/5) Lair:4
    Orc (2/2) D:12            Elf (3/3) Orc:2        Vaults (5/5) D:14
  Crypt (0/3) Vaults:2     Depths (4/4) D:15            Zot (5/5) Depths:4
Gauntlet (visited)

Altars:
Ashenzari
Cheibriados
Dithmenos
Fedhas
Gozag
Hepliaklqana
Kikubaaqudgha
Makhleb
Nemelex Xobeh
Okawaru
Qazlal
Ru
Sif Muna
Trog
Uskayaw
Vehumet
Wu Jian
Xom
Yredelemnul
Jiyva

Shops:
D:8 [   D:14 =   Orc:1 :   Orc:2 *![[   Elf:3 (   Snake:1 ::=   Snake:3 [
Snake:4 *   Vaults:1 ((*!   Depths:1 ?   Depths:2 (   Depths:3 [

Portals:
Hell: Depths:1 Depths:2 Depths:3 Depths:4
Abyss: Depths:1 Depths:3
Pandemonium: Depths:1 Depths:2
Ziggurat: Depths:3

Annotations:
D:4 3 runed translucent doors, paps's ghost, amateur OpSh
D:5 exclusion: downstairs
D:6 exclusion: downstairs
D:10 exclusion: downstairs
Lair:4 3 runed translucent doors, Etreokin's ghost, journeyman KoEn
Snake:2 Roxanne
Vaults:2 5 transporters
Zot:1 exclusion: downstairs
Zot:2 2 transporters, 4 exclusions, Kyph's ghost, legendary MiBe
Zot:4 2 exclusions


Innate Abilities, Weirdness & Mutations

You are immune to poison.
Your flesh is cold resistant. (rC+)
You are immune to negative energy. (rN+++)
You are immune to unholy pain and torment.
You are vulnerable to heat. (rF-)
You are strongly in touch with the powers of death.
You do not drink.
You have a special connection with the divine. (Faith)


Message History

Where to? (Enter - D:1 @ (x,y), ? - help)
What level of the Dungeon? (default 1, ? - help)
There is a stone staircase leading up here.
You climb upwards.
Level annotation: exclusion: downstairs
There is a stone staircase leading down here.
There is a stone staircase leading down here.
Items here: ))) [.
Your magical contamination has completely faded away.
There is a stone staircase leading up here.
You climb upwards.
Level annotation: 3 runed translucent doors, paps's ghost, amateur OpSh
There is a stone staircase leading down here.
An Orb Guardian comes into view.
Unknown command.
You see here a +0 dagger.
You see here a +0 dagger.
There is a stone staircase leading up here.
You climb upwards.
There is a stone staircase leading down here.
(D) Dungeon (T) Temple (L) Lair (A) Shoals (P) Snake Pit (M) Slime Pits (O) Orcish Mines (E) Elven Halls (V) Vaults (C) Crypt (U) Depths (H) Hell (Z) Zot
Where to? (Enter - D:1 @ (x,y), ? - help)
What level of the Dungeon? (default 1, ? - help)
You open the door.
There is an open door here.
HP restored.
There is a stone staircase leading up here.
You climb upwards.
There is a stone staircase leading down here.
There is a stone staircase leading up here.
You climb upwards.
There is a stone staircase leading down here.
You see here a beast talisman.
There is an open door here.
There is a staircase leading out of the dungeon here.
Unknown command.
You have escaped!

##### ######.@.######
###.............###
###.................####
#.'.................'..#
##.#.................##.#
##..###.............####.#
##..## ###.........### #.#
# #..## ###.....### #.# #
###.## ###.........###
#.### #


There were no monsters in sight!

Vanquished Creatures
  4 dread liches (Zot:5)
  An ancient lich (Zot:5)
  4 orbs of fire
  Mara (Elf:3)
  The ghost of Raoceuw the Scorcher, a master NaVM of Cheibriados (Zot:4)
  Sojobo (Vaults:3)
  Vashnia (Snake:2)
  5 Killer Klowns (Zot:5)
  A caustic shrike (Depths:2)
  7 golden dragons
  4 curse toes (Zot:4)
  Jorgrun (Orc:2)
  An iron giant (Zot:4)
  4 electric golems
  An Ice Fiend (D:6)
  A hellephant (D:8)
  19 tentacled monstrosities
  6 liches
  25 Orb Guardians
  2 walking divine tomes
  Asterion (Elf:1)
  7 titans
  5 quicksilver dragons
  3 deep elf blademasters
  2 deep elf master archers (Elf:3)
  Polyphemus (Shoals:3)
  6 death cobs
  The ghost of seandewar5 the Unseen, an adept DrAE of Wu Jian (Shoals:4)
  An Executioner (D:8)
  An ancient champion (Vaults:3)
  8 sphinxes
  7 storm dragons
  5 tengu reavers
  11 shadow dragons
  Aizul (Shoals:2)
  Agnes (Vaults:3)
  Donald (Orc:2)
  7 nagarajas
  Ilsuiw (Shoals:3)
  6 draconian monks
  4 draconian knights
  6 frost giants
  2 daevas (Depths:3)
  11 deep elf sorcerers
  3 fire giants
  12 vault wardens
  10 draconian scorchers
  3 iron dragons
  Louise (Shoals:4)
  An angel (Depths:3)
  4 draconian shifters
  5 deep elf elementalists (Elf:3)
  5 draconian annihilators
  4 ghost moths
  18 ironbound preservers
  5 war gargoyles (Vaults:5)
  A formless jellyfish (Vaults:3)
  22 very ugly things
  A reaper (Depths:2)
  2 draconian stormcallers
  A cacodemon (Abyss:3)
  5 ironbound thunderhulks
  Nessos (D:14)
  Azrael (Orc:2)
  5 vampire knights
  13 green draconians
  13 deep elf annihilators
  20 stone giants
  17 black draconians
  16 white draconians
  13 dire elephants
  4 spark wasps
  6 deep elf demonologists (Elf:3)
  8 yellow draconians
  12 red draconians
  A minotaur (Gauntlet)
  12 purple draconians
  9 ettins
  4 deep elf death magi
  10 merfolk impalers
  8 fire dragons
  3 merfolk javelineers
  2 spectral krakens (Shoals:4)
  An entropy weaver (shapeshifter) (Elf:1)
  8 ice dragons
  5 great orbs of eyes
  Josephine (D:12)
  7 deep elf high priests
  An ogre mage (Vaults:5)
  14 yaktaur captains
  2 salamander tyrants
  The ghost of Kiciri the Covert, a journeyman GnDe of Nemelex Xobeh (Orc:1)
  32 vault guards
  A hydra (Lair:4)
  3 ironbound frosthearts
  6 spriggan air magi
  2 catoblepae
  3 ghost crabs (Shoals:4)
  2 rakshasas
  4 boulder beetles
  18 centaur warriors
  5 merfolk avatars
  5 merfolk aquamancers
  12 anacondas
  7 deep troll shamans
  2 alligator snapping turtles
  9 death yaks
  15 naga warriors
  5 two-headed ogres
  A two-headed ogre (shapeshifter) (Elf:1)
  5 tengu warriors
  2 satyrs
  3 vampire magi
  29 dancing weapons
  An orc high priest (Orc:2)
  A death scarab (Gauntlet)
  3 spriggan berserkers
  Urug (D:12)
  7 deep troll earth magi
  6 shock serpents
  20 deep elf knights
  21 naga sharpshooters
  15 hell knights
  A hell hog (Depths:3)
  2 soul eaters
  Amaemon (D:8)
  4 iron trolls
  A sun demon (Depths:3)
  20 sea snakes
  4 salamander mystics
  A shadow wraith (Vaults:5)
  A death drake (shapeshifter) (Vaults:5)
  A wretched star (Abyss:3)
  7 skysharks
  3 sixfirhies
  A glowing orange brain (Depths:1)
  14 ironbound convokers
  3 flayed ghosts
  2 orc knights
  A swamp dragon (Lair:5)
  51 deep trolls
  Pikel (D:8)
  12 deep elf archers
  40 deep elf zephyrmancers
  6 naga ritualists
  11 wizards
  5 necromancers
  2 phantasmal warriors (Vaults:5)
  32 deep elf pyromancers
  3 wolf spiders
  3 large abominations (Abyss:3)
  7 harpies
  20 ugly things
  13 manticores
  10 mana vipers
  5 orc sorcerers
  17 salamanders
  4 cyclopes
  9 fauns
  11 elephants
  22 moths of wrath
  A water nymph (shapeshifter) (Vaults:5)
  9 apocalypse crabs (Zot:4)
  8 guardian serpents
  16 naga magi
  13 merfolk sirens
  16 vault sentinels
  45 black mambas
  6 water nymphs
  15 cane toads
  5 orange demons
  2 gargoyles (D:11)
  3 smoke demons
  Psyche (D:8)
  An unseen horror (D:13)
  A kobold demonologist (D:7)
  A freezing wraith (Vaults:5)
  2 spectral water nymphs (Shoals:4)
  A yaktaur (shapeshifter) (Elf:1)
  5 rime drakes
  A tengu conjurer (D:14)
  2 efreet
  11 komodo dragons
  26 yaktaurs
  3 hornets
  8 trolls
  28 merfolk
  A queen bee (Gauntlet)
  3 wind drakes
  A meliai (shapeshifter) (Elf:2)
  3 meliai (Gauntlet)
  2 hellwings (Abyss:3)
  A wind drake (shapeshifter) (Depths:4)
  5 snapping turtles
  Prince Ribbit (D:7)
  A tarantella (shapeshifter) (Vaults:5)
  19 blink frogs
  7 dream sheep
  A dream sheep (shapeshifter) (Vaults:5)
  4 spectral merfolk (Shoals:4)
  40 slime creatures
  A spectral black mamba (Gauntlet)
  2 shadows
  3 air elementals
  4 flying skulls (Abyss:3)
  57 yaks
  2 ynoxinuls
  10 water elementals
  8 wraiths
  16 wyverns
  3 fire elementals
  16 humans (D:14)
  3 basilisks
  3 steam dragons
  3 redbacks
  A chaos spawn (Depths:2)
  4 wargs
  52 nagas
  4 acid dragons
  28 water moccasins
  4 hell hounds (Orc:2)
  A floating eye (Depths:2)
  A black bear (D:7)
  2 swamp drakes (Lair:5)
  19 orc warriors
  17 wolves
  3 boggarts (D:14)
  9 centaurs
  4 ogres
  4 lemures
  2 phantoms
  4 kobold brigands
  18 bullfrogs
  6 scorpions
  5 wights
  A hornet simulacrum (D:14)
  15 killer bees
  2 troll zombies (D:12)
  5 howler monkeys
  3 electric eels
  23 orc priests
  6 jellies
  2 gnoll boudas
  Crazy Yiuf (D:2)
  Jessica (D:2)
  Ijyb (D:3)
  33 orc wizards
  A sleepcap (D:8)
  10 iguanas
  11 hell rats
  6 ogre zombies (D:12)
  Robin (D:4)
  9 gnolls
  3 adders
  A white imp (D:6)
  An ufetubus (D:5)
  A worm (D:2)
  3 dart slugs
  64 orcs
  10 endoplasms
  A giant cockroach (shapeshifter) (Vaults:5)
  3 giant cockroaches
  18 goblins
  5 hobgoblins
  5 jackals (D:3)
  19 kobolds
  6 quokkas
  3 ball pythons
  2 bats
  3 frilled lizards
  A goblin skeleton (D:12)
  2 goblin zombies (D:12)
  3 hobgoblin skeletons (D:12)
  2 hobgoblin zombies (D:12)
  2 orc skeletons (D:12)
  15 orc zombies (D:12)
  7 rats
  A spectral goblin (D:7)
  2 butterflies
  A lurking horror (Abyss:3)
  5 tentacles (Shoals:4)
2065 creatures vanquished.

Vanquished Creatures (collateral kills)
  An Orb Guardian (Zot:4)
  A storm dragon (Depths:1)
  A deep elf demonologist (Elf:3)
  A deep elf death mage (Elf:3)
4 creatures vanquished.

Vanquished Creatures (others)
  A kobold brigand (D:9)
  A hell rat (Lair:5)
  A kobold (D:9)
  3 tentacles (Shoals:4)
6 creatures vanquished.

Grand Total: 2075 creatures vanquished

Notes
Turn   | Place    | Note
-------+----------+-------------------------------------------
     0 | D:5      | GordonOverkill the Mummy Delver began the quest for the
                  | Orb.
     0 | D:5      | Reached XP level 1. HP: 18/18 MP: 1/1
     3 | D:6      | Identified the ring "Fayffick" {EV+5 Int+2}
     9 | D:6      | Noticed an iguana
    76 | D:5      | Found a staircase to the Ecumenical Temple.
    79 | D:5      | Noticed an iguana
   111 | D:6      | Noticed a wight
   111 | D:6      | Noticed a wight
   127 | D:5      | Noticed an ice beast
   134 | D:5      | Reached XP level 2. HP: 19/24 MP: 2/2
   207 | D:4      | Noticed a bullfrog
   219 | D:4      | Killed a bullfrog
   220 | D:4      | Gained mutation: You are in touch with the powers of death.
                  | [Mummy growth]
   220 | D:4      | Reached XP level 3. HP: 9/29 MP: 3/3
   220 | D:4      | Reached XP level 4. HP: 11/35 MP: 4/4
   364 | D:4      | Found a runed translucent gate.
   364 | D:4      | Found a runed translucent gate.
   364 | D:4      | Found a runed translucent gate.
   365 | D:4      | Noticed paps's ghost (amateur OpSh)
   366 | D:4      | Noticed a kobold brigand
   896 | D:5      | Got the Guidebook on the Alluring Congregation
  1048 | D:5      | Reached XP level 5. HP: 11/41 MP: 5/5
  1282 | D:4      | Noticed an ogre
  1293 | D:4      | Killed an ogre
  1294 | D:4      | Reached skill level 1 in Evocations
  1375 | D:4      | Noticed a wyvern
  1386 | D:4      | Killed a wyvern
  1387 | D:4      | Reached skill level 1 in Throwing
  1387 | D:4      | Reached XP level 6. HP: 41/48 MP: 6/6
  1646 | D:4      | Found a basalt altar of Yredelemnul.
  2107 | D:6      | Reached XP level 7. HP: 6/54 MP: 7/7
  2340 | D:7      | Noticed a kobold demonologist
  2398 | D:7      | Noticed a steam dragon
  2562 | D:6      | Found a stormy altar of Qazlal.
  2945 | D:6      | Found an iron altar of Okawaru.
  3157 | Temple   | Entered the Ecumenical Temple
  3181 | Temple   | Became a worshipper of Vehumet
  3532 | D:3      | Reached skill level 5 in Evocations
  3542 | D:3      | Noticed Robin
  3631 | D:4      | Killed Robin
  3632 | D:4      | Reached skill level 1 in Spellcasting
  3698 | D:3      | Reached * piety under Vehumet
  3698 | D:3      | Offered knowledge of Shock by Vehumet.
  4255 | D:3      | Noticed Ijyb
  4264 | D:3      | Killed Ijyb
  4285 | D:3      | Found a shimmering blue altar of Sif Muna.
  4402 | D:2      | Noticed Jessica
  4413 | D:2      | Killed Jessica
  4561 | D:2      | Identified the +5 dagger "Sennalej" {venom, rC- Int+4}
  4911 | D:2      | Reached XP level 8. HP: 60/60 MP: 12/12
  5251 | D:2      | Found a runed translucent door.
  5252 | D:2      | Noticed Crazy Yiuf
  5288 | D:2      | Killed Crazy Yiuf
  5699 | D:1      | Offered knowledge of Magic Dart by Vehumet.
  5716 | D:1      | Reached ** piety under Vehumet
  6957 | D:8      | Noticed Pikel
  6970 | D:7      | Noticed a smoke demon
  7065 | D:7      | Found a hazy altar of Hepliaklqana.
  7131 | D:7      | Reached skill level 5 in Spellcasting
  7232 | D:7      | Reached skill level 5 in Stealth
  7246 | D:7      | Noticed a sixfirhy
  7254 | D:7      | Killed a kobold demonologist
  7580 | D:7      | Reached XP level 9. HP: 65/65 MP: 21/21
  7644 | D:7      | Offered knowledge of Static Discharge by Vehumet.
  7798 | D:7      | Found a sacrificial altar of Ru.
  7821 | D:7      | Noticed Prince Ribbit
  7831 | D:7      | Killed Prince Ribbit
  7834 | D:7      | Reached skill level 10 in Spellcasting
  8276 | D:8      | Killed Pikel
  8277 | D:8      | Reached skill level 5 in Fighting
  8374 | D:8      | Found Qaxowiv's Armour Emporium.
  8404 | D:8      | Found a staircase to the Lair.
  8813 | D:8      | Reached *** piety under Vehumet
  8885 | D:8      | Noticed Psyche
  8907 | D:8      | Killed Psyche
  9023 | D:8      | Found a shimmering altar of Xom.
  9060 | D:8      | Noticed Amaemon
  9060 | D:8      | Noticed an orange demon
  9093 | D:8      | Killed an orange demon
  9094 | D:8      | Reached XP level 10. HP: 71/76 MP: 24/26
  9108 | D:8      | Killed Amaemon
  9109 | D:8      | Reached skill level 5 in Short Blades
  9751 | D:9      | Offered knowledge of Hailstorm by Vehumet.
  9780 | D:9      | Learned a level 3 spell: Hailstorm
  9954 | D:8      | Reached skill level 1 in Ice Magic
 10132 | D:8      | Reached skill level 1 in Conjurations
 10658 | D:9      | Reached skill level 2 in Ice Magic
 11275 | D:9      | Reached **** piety under Vehumet
 11560 | D:9      | Reached skill level 3 in Ice Magic
 11777 | D:10     | Entered Level 10 of the Dungeon
 11822 | D:10     | Found an opulent altar of Gozag.
 12294 | D:10     | Offered knowledge of Yara's Violent Unravelling by Vehumet.
 12323 | D:10     | Reached skill level 4 in Ice Magic
 12772 | D:11     | Identified the +0 leather armour "Yphaeclo" {Rampage
                  | *Corrode Str-3 Dex+9}
 12783 | D:11     | Noticed a gargoyle
 12986 | D:11     | Noticed a boulder beetle
 13037 | D:11     | Noticed a two-headed ogre
 13049 | D:11     | Killed a two-headed ogre
 13050 | D:11     | Reached XP level 11. HP: 12/81 MP: 28/28
 13316 | D:11     | Noticed a two-headed ogre
 13335 | D:11     | Killed a two-headed ogre
 13835 | Lair:1   | Entered Level 1 of the Lair of Beasts
 14357 | D:8      | Reached skill level 5 in Conjurations
 14357 | D:8      | Reached skill level 5 in Ice Magic
 14412 | D:8      | Found a staircase to the Lair.
 14546 | D:8      | Found Qaxowiv's Armour Emporium.
 14664 | D:8      | Found a shimmering altar of Xom.
 15094 | D:8      | Learned a level 2 spell: Ensorcelled Hibernation
 15097 | D:8      | Learned a level 2 spell: Blink
 15100 | D:8      | Learned a level 2 spell: Passwall
 15104 | D:8      | Learned a level 3 spell: Swiftness
 15224 | Lair:1   | Reached skill level 1 in Hexes
 15528 | D:8      | Reached skill level 1 in Translocations
 15947 | Lair:1   | Reached skill level 1 in Air Magic
 15947 | Lair:1   | Reached skill level 1 in Earth Magic
 16577 | Lair:1   | Identified 2 scrolls of acquirement
 16585 | Lair:1   | Acquired 1113 gold pieces
 16587 | Lair:1   | Acquired the +1 cloak "Imiw Iho" {Regen+ Str+4}
 16624 | Lair:1   | Reached ***** piety under Vehumet
 17079 | Lair:1   | Offered knowledge of Flame Wave by Vehumet.
 17088 | Lair:1   | Noticed a four-headed hydra
 17482 | Lair:2   | Learned a level 5 spell: Metabolic Englaciation
 17624 | Lair:2   | Reached XP level 12. HP: 88/91 MP: 29/29
 17708 | Lair:2   | Found a staircase to the Shoals.
 17928 | Lair:2   | Reached skill level 6 in Ice Magic
 18620 | Lair:3   | Found a staircase to the Snake Pit.
 18853 | Lair:3   | Reached skill level 7 in Ice Magic
 18895 | Lair:3   | Reached skill level 5 in Hexes
 18983 | Lair:3   | Reached skill level 8 in Ice Magic
 19038 | Lair:3   | Noticed a boulder beetle
 19108 | Lair:3   | Killed a boulder beetle
 19744 | Lair:4   | Offered knowledge of Lee's Rapid Deconstruction by Vehumet.
 19822 | Lair:4   | Noticed a seven-headed hydra
 20136 | Lair:4   | Killed a seven-headed hydra
 20190 | Lair:4   | Gained mutation: You are strongly in touch with the powers
                  | of death. [Mummy growth]
 20190 | Lair:4   | Reached XP level 13. HP: 61/98 MP: 17/30
 20261 | Lair:4   | Reached skill level 9 in Ice Magic
 20605 | Lair:4   | Reached skill level 10 in Ice Magic
 20872 | Lair:4   | Found a runed translucent gate.
 20872 | Lair:4   | Found a runed translucent gate.
 20872 | Lair:4   | Found a runed translucent gate.
 20911 | Lair:4   | Found a viscous altar of Jiyva.
 20912 | Lair:4   | Found a staircase to the Slime Pits.
 21025 | Lair:4   | Noticed Etreokin's ghost (journeyman KoEn)
 21512 | Lair:5   | Entered Level 5 of the Lair of Beasts
 22140 | Lair:5   | Offered knowledge of Freezing Cloud by Vehumet.
 22659 | Lair:5   | Reached skill level 10 in Fighting
 22823 | Lair:5   | Reached skill level 15 in Spellcasting
 23190 | Lair:5   | Reached XP level 14. HP: 110/110 MP: 31/33
 23529 | Lair:4   | Learned a level 5 spell: Freezing Cloud
 23626 | Lair:4   | Found a runed translucent gate.
 23626 | Lair:4   | Found a runed translucent gate.
 23626 | Lair:4   | Found a runed translucent gate.
 23698 | Lair:4   | Found a viscous altar of Jiyva.
 23699 | Lair:4   | Found a staircase to the Slime Pits.
 26610 | D:11     | Reached skill level 11 in Ice Magic
 27923 | D:12     | Found a staircase to the Orcish Mines.
 28468 | D:12     | Noticed Josephine
 28473 | D:12     | Killed Josephine
 28910 | D:12     | Offered knowledge of Irradiate by Vehumet.
 28966 | D:12     | Noticed Urug
 28977 | D:12     | Killed Urug
 29411 | D:13     | Reached skill level 1 in Transmutations
 29812 | D:13     | Learned a level 5 spell: Irradiate
 31106 | D:14     | Noticed Nessos
 31106 | D:14     | Found a gate to the Vaults.
 31731 | D:14     | Killed Nessos
 32233 | D:14     | Reached XP level 15. HP: 115/115 MP: 28/34
 32343 | D:14     | Identified the +11 whip of Cowkus {flame, rF+ Str+4 Dex+3}
 32519 | D:14     | Found Ribuuno's Jewellery Shop.
 32531 | D:14     | Found a hide-covered altar of Uskayaw.
 32642 | D:15     | Entered Level 15 of the Dungeon
 32791 | D:15     | Reached skill level 12 in Ice Magic
 33023 | D:15     | Found a staircase to the Depths.
 33256 | D:15     | Offered knowledge of Plasma Beam by Vehumet.
 33322 | D:15     | Identified the +5 hand axe "Zyxorr" {freeze, Fly Str+3
                  | Dex+4}
 34018 | Orc:1    | Entered Level 1 of the Orcish Mines
 34354 | Orc:1    | Found Nosusoph's Vocational Training.
 34368 | Orc:1    | Bought a manual of Evocations for 1200 gold pieces
 34888 | Orc:1    | Found a runed translucent door.
 34888 | Orc:1    | Noticed Kiciri's ghost (journeyman GnDe)
 35395 | Orc:1    | Killed Kiciri's ghost
 35507 | Orc:2    | Entered Level 2 of the Orcish Mines
 35579 | Orc:2    | Found a staircase to the Elven Halls.
 35579 | Orc:2    | Noticed Jorgrun
 35634 | Orc:2    | Noticed Azrael
 35641 | Orc:2    | Killed Azrael
 35662 | Orc:2    | Reached skill level 5 in Transmutations
 35772 | Orc:2    | Found a gate leading to a gauntlet.
 35781 | Gauntlet | Entered a Gauntlet
 35781 | Gauntlet | Found a transporter.
 35781 | Gauntlet | Found a transporter.
 35781 | Gauntlet | Found a transporter.
 35782 | Gauntlet | Found a transporter.
 35785 | Gauntlet | Found a transporter.
 35787 | Gauntlet | Found a transporter.
 35795 | Gauntlet | Found a transporter.
 35799 | Gauntlet | Found a transporter.
 35815 | Gauntlet | Found a transporter.
 35816 | Gauntlet | Found a transporter.
 35833 | Gauntlet | Found a transporter.
 35837 | Gauntlet | Found a transporter.
 36378 | Gauntlet | Identified the +2 dagger of Prudence {heavy, rF+++ Str+4
                  | Stlth+}
 36378 | Gauntlet | Identified the +5 steam dragon scales of Past Mistakes
                  | {rElec}
 36688 | Orc:2    | Offered knowledge of Ozocubu's Refrigeration by Vehumet.
 36773 | Orc:2    | Learned a level 7 spell: Ozocubu's Refrigeration
 37231 | Orc:2    | Noticed Donald
 37235 | Orc:2    | Killed Donald
 38673 | Orc:2    | Found Coengit's Armour Shoppe.
 38673 | Orc:2    | Found Xytoink's Armour Shoppe.
 38674 | Orc:2    | Found Leudghir's Assorted Antiques.
 38678 | Orc:2    | Found Joga's Distillery.
 38683 | Orc:2    | Bought a shimmering sling for 136 gold pieces
 38683 | Orc:2    | Identified the +6 sling of Etij {drain, rPois rN+ Str+4}
                  | (You bought it in a shop on level 2 of the Orcish Mines)
 38908 | Orc:2    | Killed Jorgrun
 39249 | Orc:2    | Bought a scroll of enchant armour for 157 gold pieces
 39249 | Orc:2    | Bought a scroll of amnesia for 84 gold pieces
 39312 | Elf:1    | Entered Level 1 of the Elven Halls
 39779 | Elf:1    | Reached skill level 13 in Ice Magic
 39924 | Elf:1    | Noticed Asterion
 39931 | Elf:1    | Noticed an Executioner
 39932 | Elf:1    | Killed Asterion
 40150 | Elf:1    | Offered knowledge of Leda's Unmaking by Vehumet.
 40753 | Elf:1    | Reached skill level 14 in Ice Magic
 40984 | Elf:1    | Reached XP level 16. HP: 122/122 MP: 29/35
 41098 | Elf:1    | Reached ****** piety under Vehumet
 42083 | Elf:1    | Reached skill level 15 in Ice Magic
 42731 | Elf:2    | Identified the amulet "Zicaasha" {Reflect Str+2 SH+5}
 42846 | Elf:2    | Reached skill level 10 in Evocations
 43342 | Elf:2    | Offered knowledge of Fire Storm by Vehumet.
 43342 | Elf:2    | Offered knowledge of Polar Vortex by Vehumet.
 43342 | Elf:2    | Offered knowledge of Maxwell's Capacitive Coupling by
                  | Vehumet.
 43489 | Elf:2    | Learned a level 9 spell: Polar Vortex
 43845 | Elf:2    | Found a runed translucent gate.
 43845 | Elf:2    | Found a runed translucent gate.
 43846 | Elf:2    | Found a runed translucent gate.
 44808 | Elf:2    | Noticed a deep elf blademaster
 44827 | Elf:2    | Killed a deep elf blademaster
 45278 | Elf:3    | Entered Level 3 of the Elven Halls
 45511 | Elf:3    | Reached XP level 17. HP: 116/128 MP: 7/36
 45793 | Elf:3    | Reached skill level 16 in Ice Magic
 46489 | Elf:3    | Found Atisypn's Antique Weapon Shoppe.
 46807 | Elf:3    | Noticed Mara
 46812 | Elf:3    | Noticed GordonOverkill's illusion
 46815 | Elf:3    | Killed Mara
 46930 | Elf:3    | Bought a scorched quarterstaff for 207 gold pieces
 46930 | Elf:3    | Identified the +2 quarterstaff "Nerghaax" {drain, +Blink
                  | Stlth+} (You bought it in a shop on level 3 of the Elven
                  | Halls)
 47263 | Elf:3    | Identified the +7 hand axe "Xonus" {speed, rPois rC- rN+}
 47537 | Elf:3    | Found the +3 giant club "Skullcrusher" {speed, Str+7}
 47540 | Elf:3    | Reached skill level 17 in Ice Magic
 47562 | Elf:3    | Identified the +4 battleaxe of Ygepe {flame, *Noise rPois
                  | Dex+6 Stlth-}
 47658 | Elf:3    | Got the Thoughts on Necromantic Rituals and Allies
 48040 | Abyss:3  | Cast into level 3 of the Abyss (a deep elf demonologist)
 48296 | Abyss:3  | Noticed a bone dragon
 48411 | Abyss:3  | Noticed a profane servitor
 48607 | Abyss:3  | Noticed a tentacled monstrosity
 48615 | Abyss:3  | Killed a tentacled monstrosity
 48617 | Elf:3    | Escaped the Abyss
 48755 | Elf:3    | Noticed a deep elf blademaster
 48755 | Elf:3    | Noticed a deep elf master archer
 48759 | Elf:3    | Killed a deep elf master archer
 48761 | Elf:3    | Killed a deep elf blademaster
 48762 | Elf:3    | Reached skill level 18 in Ice Magic
 48834 | Elf:3    | Identified the +8 scimitar of Trauma {flame, rPois Int+3}
 49031 | Elf:3    | Identified the +1 chain mail of Gozag's Regard {rN++ Dex+4}
 49031 | Elf:3    | Noticed a deep elf blademaster
 49040 | Elf:3    | Killed a deep elf blademaster
 49179 | Elf:3    | Noticed a deep elf master archer
 49183 | Elf:3    | Killed a deep elf master archer
 49291 | Elf:3    | Reached XP level 18. HP: 134/134 MP: 13/37
 49694 | Elf:3    | Identified the +3 orcbow of Kec Dac {flame, rElec rPois
                  | rF+}
 49874 | D:12     | Upgraded the game from 0.31-a0-344-gd109795599 to
                  | 0.31-a0-348-g810772c3d7
 50044 | Shoals:1 | Entered Level 1 of the Shoals
 50066 | Shoals:1 | You fall into a shaft and drop 1 floor!
 51574 | Shoals:2 | Reached skill level 19 in Ice Magic
 51964 | Shoals:2 | Noticed Aizul
 51969 | Shoals:2 | Killed Aizul
 53437 | Shoals:3 | Noticed Polyphemus
 53445 | Shoals:3 | Killed Polyphemus
 53920 | Shoals:3 | Noticed Ilsuiw
 53927 | Shoals:3 | Killed Ilsuiw
 54468 | Shoals:4 | Entered Level 4 of the Shoals
 54691 | Shoals:4 | Found a runed translucent gate.
 54691 | Shoals:4 | Found a runed translucent gate.
 55553 | Shoals:4 | Got a barnacled rune of Zot
 55677 | Shoals:4 | Identified the +3 tower shield "Cinocroytu" {-Cast rF+
                  | Dex+3}
 55677 | Shoals:4 | Noticed Louise
 55681 | Shoals:4 | Killed Louise
 56080 | Shoals:4 | Reached skill level 20 in Ice Magic
 56086 | Shoals:4 | Identified the +2 quarterstaff of Ipsidap {flame, rCorr}
 56248 | Shoals:4 | Found a runed translucent gate.
 56250 | Shoals:4 | Noticed seandewar5's ghost (adept DrAE)
 56374 | Shoals:4 | Reached XP level 19. HP: 136/140 MP: 31/38
 56508 | Shoals:4 | Killed seandewar5's ghost
 56631 | Shoals:4 | Identified the +1 cloak of Greed {Will+}
 56753 | Snake:1  | Entered Level 1 of the Snake Pit
 57157 | Snake:1  | Found Gydaxir's Book Boutique.
 57158 | Snake:1  | Found Imutirhu's Jewellery Shoppe.
 57159 | Snake:1  | Found Timoditi's Book Boutique.
 58636 | Snake:2  | Noticed Vashnia
 58810 | Snake:2  | Killed Vashnia
 59990 | Snake:2  | Noticed Roxanne
 61459 | Snake:2  | Acquired 1087 gold pieces
 63281 | Snake:3  | Found Jiweic's Armour Boutique.
 63443 | Snake:3  | Reached skill level 21 in Ice Magic
 63708 | Snake:4  | Entered Level 4 of the Snake Pit
 65098 | Snake:4  | Reached XP level 20. HP: 147/147 MP: 32/42
 65177 | Snake:4  | Found Leskir's General Store.
 65957 | Snake:4  | Got a serpentine rune of Zot
 66762 | Vaults:1 | Entered Level 1 of the Vaults
 66921 | Vaults:1 | Found Buol's Distillery.
 67046 | Vaults:1 | Found Cabual's General Store.
 67054 | Vaults:1 | Bought a scroll of butterflies for 76 gold pieces
 67189 | Vaults:1 | Found Pyerof's Antique Weapon Boutique.
 67254 | Vaults:1 | Found Fegoteic's Weapon Emporium.
 68519 | Vaults:1 | Reached skill level 22 in Ice Magic
 69695 | Vaults:2 | Found a staircase to the Crypt.
 69695 | Vaults:2 | Found a basalt altar of Yredelemnul.
 69696 | Vaults:2 | Found an ancient bone altar of Kikubaaqudgha.
 70685 | Vaults:2 | Found a transporter.
 70687 | Vaults:2 | Found a transporter.
 70702 | Vaults:2 | Found a transporter.
 70720 | Vaults:2 | Found a transporter.
 70720 | Vaults:2 | Found a transporter.
 70963 | Vaults:2 | Reached XP level 21. HP: 150/153 MP: 23/45
 72880 | Vaults:3 | Noticed Sojobo
 72880 | Vaults:3 | Noticed Agnes
 73308 | Vaults:3 | Killed Agnes
 73397 | Vaults:3 | Killed Sojobo
 74298 | Vaults:4 | Reached skill level 23 in Ice Magic
 75238 | Vaults:5 | Entered Level 5 of the Vaults
 75579 | Vaults:5 | Reached XP level 22. HP: 159/159 MP: 39/48
 75606 | Vaults:5 | Identified the staff "Elleu" {rN+ Will+ Int-2 Dex+2 Necro}
 76705 | Vaults:5 | Reached skill level 24 in Ice Magic
 76973 | Vaults:5 | Noticed a golden dragon
 76979 | Vaults:5 | Killed a golden dragon
 77586 | Vaults:5 | Identified the ring of the Manifold Places {rF+ rCorr Str+4
                  | Slay-2}
 77618 | Vaults:5 | Found the +3 crown of Dyrovepreva {rElec Int+2 SInv}
 77699 | Vaults:5 | Got a silver rune of Zot
 78173 | Vaults:5 | Identified the +7 rapier "Newtbane" {elec, Drain Str+3
                  | Stlth+}
 78284 | Vaults:5 | Got the Volume of the Gaseous Fair Folk
 78841 | Depths:1 | Entered Level 1 of the Depths
 79362 | Depths:1 | Found a one-way gate to the infinite horrors of the Abyss.
 79366 | Depths:1 | Found Xaofixa's Magic Scroll Boutique.
 79482 | Depths:1 | Bought a scroll of blinking for 112 gold pieces
 79482 | Depths:1 | Bought a scroll of poison for 60 gold pieces
 79482 | Depths:1 | Bought a scroll of torment for 142 gold pieces
 79999 | Depths:1 | Found a one-way gate leading to the halls of Pandemonium.
 80321 | Depths:1 | Found a gateway to Hell.
 80355 | Depths:1 | Identified the +1 cloak of the Forest {-Tele rCorr Str+4
                  | Int+2}
 81364 | Depths:1 | Reached XP level 23. HP: 180/180 MP: 32/50
 81379 | Depths:1 | Reached skill level 15 in Fighting
 81539 | Depths:1 | Identified the +3 spear "Hyc Heih" {heavy, rPois Dex-5
                  | Stlth+}
 81802 | Depths:2 | Noticed a caustic shrike
 81809 | Depths:2 | Killed a caustic shrike
 81947 | Depths:2 | Found Idutteaf's Weapon Shoppe.
 82058 | Depths:2 | Found a hide-covered altar of Uskayaw.
 83775 | Depths:3 | Acquired 916 gold pieces
 84087 | Depths:3 | Found a one-way gateway to a ziggurat.
 84354 | Depths:3 | Found Nestricube's Armour Boutique.
 84626 | Depths:3 | Identified the +5 demon blade "Xiereas" {freeze, rElec
                  | rCorr Int+5}
 85306 | Depths:4 | Entered Level 4 of the Depths
 85774 | Depths:4 | Reached skill level 25 in Ice Magic
 86464 | Depths:4 | Found a gate to the Realm of Zot.
 86576 | Zot:1    | Entered Level 1 of the Realm of Zot
 86577 | Zot:1    | Acquired the amulet of Quptaat {rC+ Regen+ rCorr Dex+3}
 87906 | Zot:2    | Found a transporter.
 88012 | Zot:2    | Identified the +0 cloak "Fephau" {Fly rC+}
 88374 | Zot:2    | Reached XP level 24. HP: 104/188 MP: 48/51
 88778 | Zot:2    | Identified the +1 cloak of Resonance {Rampage}
 88781 | Zot:2    | Found a transporter.
 89207 | Zot:2    | Noticed Kyph's ghost (legendary MiBe)
 89583 | Zot:2    | Reached skill level 26 in Ice Magic
 90578 | Zot:2    | Identified the +8 mace "Qeotuz" {freeze, rElec Will+ Str+2}
 90656 | Zot:2    | Found a bloodstained altar of Trog.
 91585 | Zot:3    | Noticed an orb of fire
 92220 | Zot:3    | Killed an orb of fire
 92768 | Zot:3    | Reached skill level 27 in Ice Magic
 92777 | Zot:3    | Learned a level 8 spell: Lehudib's Crystal Spear
 93372 | Zot:4    | Noticed Raoceuw's ghost (master NaVM)
 93375 | Zot:4    | Found a runed translucent door.
 95684 | Zot:4    | Paralysed by you for 5 turns
 97710 | Zot:4    | Identified the +7 sling "Efialol" {heavy, *Slow rCorr Int+5
                  | Stlth+}
 97711 | Zot:4    | Identified the +5 falchion of Beogh's Envy {freeze, rPois
                  | rF- Int+4 Stlth+}
 98571 | Zot:5    | Entered Level 5 of the Realm of Zot
 99306 | Snake:1  | Bought a book of Touch for 264 gold pieces
 99306 | Snake:1  | Bought a manual of Staves for 960 gold pieces
 99314 | Snake:1  | Learned a level 7 spell: Orb of Destruction
 99319 | Snake:1  | Learned a level 4 spell: Dispel Undead
 99784 | Zot:4    | Reached skill level 1 in Necromancy
100240 | Zot:4    | Killed Raoceuw's ghost
100938 | Zot:4    | Reached XP level 25. HP: 171/196 MP: 23/51
101637 | Zot:5    | Noticed a dread lich
101645 | Zot:5    | Killed a dread lich
102800 | Zot:5    | Noticed a dread lich
102822 | Zot:5    | Killed a dread lich
103605 | Zot:5    | Reached skill level 10 in Conjurations
104029 | Zot:5    | Noticed a Killer Klown
104045 | Zot:5    | Killed a Killer Klown
104209 | Zot:5    | Noticed a Killer Klown
104218 | Zot:5    | Noticed an orb of fire
104227 | Zot:5    | Noticed a dread lich
104244 | Zot:4    | Killed an orb of fire
104413 | Zot:5    | Killed a Killer Klown
104812 | Zot:5    | Noticed a Killer Klown
104818 | Zot:5    | Killed a Killer Klown
104877 | Zot:5    | Noticed an orb of fire
104920 | Zot:5    | Killed an orb of fire
105617 | Zot:5    | Noticed a Killer Klown
105653 | Zot:5    | Killed a Killer Klown
106110 | Zot:5    | Noticed an ancient lich
106128 | Zot:5    | Killed an ancient lich
106571 | Zot:5    | Killed a dread lich
106795 | Zot:5    | Noticed a Killer Klown
106813 | Zot:5    | Killed a Killer Klown
106977 | Zot:5    | Noticed a dread lich
106992 | Zot:5    | Killed a dread lich
107069 | Zot:5    | Noticed an orb of fire
107122 | Zot:5    | Killed an orb of fire
107430 | Zot:5    | Identified the +0 robe of the Burnt Hot Ocelot {Harm rN+}
108239 | Zot:5    | Got the Orb of Zot
108319 | Depths:4 | Noticed Jouhiux the pandemonium lord
108516 | D:13     | Noticed Ocvaimisu the pandemonium lord
108619 | D:9      | Noticed Asmugg the pandemonium lord
108662 | D:8      | Noticed Zeul the pandemonium lord
108812 | D:$      | Escaped with the Orb!

Illustrated notes

Levels and vault maps discovered:
D:1:      nzn_arrival_depleted_hourglass, layout_basic, nrook_loot_triangle
D:2:      layout_basic, minmay_stone_trees_small, uniq_crazy_yiuf_cottage,
          uniq_jessica
D:3:      layout_basic, tgw_sif, uniq_ijyb, uniq_robin
D:4:      layout_loops_cross, kennysheep_ying_yang,
          gammafunk_ghost_nasty_kobolds
D:5:      layout_basic, minmay_temple_entry_wispy
D:6:      layout_rooms, nicolae_qazlal_general_emergency,
          okawaru_ov_weapons_minmay, hangedman_abyss_or_decor_passed,
          minmay_misc_feat_iff
D:7:      layout_basic, nicolae_ru_awakened_eye, tso_altar,
          nicolae_hepliaklqana_monster_ancestors, uniq_prince_ribbit1
D:8:      layout_cave_pods, xom_butterflies, lair_entry_dummy, serial_shops,
          shop, hex_medium, amcnicky_mini_corridor_feature, uniq_psyche,
          uniq_amaemon, uniq_pikel
D:9:      layout_gridville
D:10:     layout_loops_ring, grunt_gozag_statues
D:11:     layout_basic
D:12:     layout_long_grid, zombieorc2_lemuel, nicolae_figureground_sparkle,
          uniq_josephine, uniq_urug
D:13:     layout_basic
D:14:     layout_roguey, david_vaults_3, serial_shops, shop,
          nicolae_uskayaw_murder_on_the_dancefloor,
          portal_ice_cave_entry_pillars_1
D:15:     grunt_enter_depths_snipers, layout_gridville, serial_glass,
          glass_columns_a, glass_columns_a, due_unseen_surprise,
          evilmike_butchery
Temple:   minmay_temple_forest_path
Lair:1:   cheibrodos_lair_river_kwai, layout_misc_corridors,
          dreamdust_gnoll_shepherd, serial_bayou_shore_b, grunt_megastairs_1
Lair:2:   layout_regular_city, minmay_shoals_entry_centaurs, grunt_megastairs_5
Lair:3:   layout_big_grid, dummy_snake_entry, chequers_serial_rivers_large_a,
          lemuel_fruit_fields, grunt_megastairs_2
Lair:4:   layout_regular_city, slime_entry_1, gammafunk_ghost_necromancy,
          serial_bayou_shore_a, wad_woods_river_01
Lair:5:   hangedman_lair_tendril_chambers, layout_regular_city,
          guppyfry_lair_end_dragon, minivault_25, lemuel_fruit_fields
Shoals:1: layout_shoals, nicolae_shoals_this_corrosion
Shoals:2: layout_shoals, uniq_aizul
Shoals:3: layout_shoals, uniq_polyphemus, uniq_ilsuiw
Shoals:4: shoals_end_simple, layout_shoals, gammafunk_ghost_tricky_traps,
          nicolae_shoals_spectral_cove, uniq_louise
Snake:1:  kennysheep_six_static_rooms, layout_grid_shapes, serial_bayou_pond_b,
          serial_bayou_shore_b, minmay_shop_grove
Snake:2:  layout_cave_pods, lemuel_fruit_tree, grunt_megastairs_3, uniq_vashnia,
          uniq_roxanne
Snake:3:  layout_grid_maze, serial_shops, shop, st_stairs_14
Snake:4:  grunt_snake_rune_pools, layout_gridlike, serial_shops,
          nicolae_shop_window_shopping, st_stairs_4, grunt_ministairs_15,
          nicolae_snake_double_loop, serial_bayou_shore_b
Orc:1:    layout_diamond_mine, gammafunk_ghost_grave,
          nicolae_orc_flooded_monolith, nicolae_shop_vocational
Orc:2:    st_orc_mages, layout_diamond_mine, gauntlet_entry_generic,
          uniq_donald, uniq_jorgrun, uniq_azrael
Elf:1:    eino_elf_arrival_customs, layout_geoelf_octagon,
          hangedman_elven_crosses_minicolossus, uniq_asterion
Elf:2:    elven_hall_of_blades_hangedman_original [nooodl_blade_entry_preview],
          layout_onion_city
Elf:3:    nooodl_elf_gasket, layout_geoelf_grid, serial_shops, shop,
          einodemon_barbed_minivault, uniq_mara
Vaults:1: vaults_mumra_lcd, v_misc_18, v_pattern_5, ontoclasm_vaults_spin,
          vaults_mumra_minichess, nicolae_vaults_door_testing_chamber,
          nicolae_vaults_two_Ls, nicolae_vaults_tetromino_L_1,
          vaults_standard_mumra_enter_the_diamond, st_cells,
          vaults_room_stairs_pillars, grunt_vaults_hallway_short,
          nicolae_vaults_storage_room_statues,
          nicolae_vaults_variable_pillar_hall, layout_vaults_maze_bifur,
          serial_shops, shop, shop, nicolae_shop_getting_attention, shop
Vaults:2: minmay_crypt_entry_necro_gods, nicolae_vaults_shrinking_rooms_2,
          vaults_dpeg_emergency_exit, gammafunk_the_bubble
          [the_bubble_gammafunk_roulette], nicolae_vaults_closet_pinwheel_4,
          nicolae_vaults_trapezoid_lopsided_3, nicolae_vaults_closet_pinwheel_3,
          nicolae_vaults_little_squares_4, nicolae_vaults_back_hallway,
          nicolae_vaults_circle_grid_b, hangedman_vaults_corner_blocks,
          v_misc_27, ontoclasm_vaults_twist, ontoclasm_vaults_fault,
          nicolae_vaults_six-pack, nicolae_vaults_tetromino_T_1,
          v_alt_pattern_5, layout_vaults_omnibox
Vaults:3: sword_in_stone, v_misc_11, ontoclasm_vaults_gateway,
          nicolae_vaults_storage_closets_1, vaults_dpeg_diagonal,
          layout_vaults_omnigrid
Vaults:4: hangedman_vaults_stretched_pinwheel,
          nicolae_vaults_diagonal_hallway_8, nicolae_vaults_circle_grid_a,
          nicolae_vaults_trapezoid_lopsided_4, vaults_room_ringed_pool,
          nicolae_vaults_frosty_reception, nicolae_vaults_ring_of_whatevers,
          nicolae_vaults_specimen_jars, vaults_room_semicircle,
          layout_vaults_chaotic_city
Vaults:5
Depths:1: minmay_the_grid_triangle_9x9_rhombus_full
          [minmay_the_grid_triangle_9x9_skeleton,
          minmay_the_grid_triangle_9x9_checkered,
          minmay_the_grid_triangle_9x9_semitri,
          minmay_the_grid_triangle_9x9_negative_grid,
          minmay_the_grid_triangle_9x9_windchime,
          minmay_the_grid_triangle_9x9_steps,
          minmay_the_grid_triangle_9x9_cache,
          minmay_the_grid_triangle_9x9_prize_center], layout_gridlike,
          rand_demon_pan_entry_3, serial_shops, shop_scrolls, hell_entry,
          nicolae_twisting_strands, abyss_entry, wad_floor_pattern_untrapped,
          minmay_microvault, serial_bayou_shore_b
Depths:2: minmay_curly_fans, layout_gridville, serial_shops, shop,
          grunt_hell_entry_dis_grunt, rand_demon_pan_entry_7,
          lemuel_crystal_altar, infiniplex_staircase_trident
Depths:3: minmay_crescents, layout_gridville, enter_ziggurat_d,
          hangedman_abyss_entry_splay, serial_shops,
          nicolae_shop_tiny_waterfront, hellmouth_1
Depths:4: evilmike_zot_entry_basic, layout_cave_pools, hell_entry
Zot:1:    layout_gridlike, bh_zot_levy_curve
Zot:2:    layout_misc_corridors, gammafunk_ghost_wrathful_warriors
Zot:3:    layout_misc_corridors, lemuel_elevator
Zot:4:    gammafunk_mikee_crab_dinner, layout_misc_corridors,
          hellmonk_ghost_big_iron
Zot:5:    layout_cathedral_of_symmetry

Skill      XL: |  1  2  3  4  5  6  7  8  9 10 11 12 13 14 15 16 17 18 19 20 21 22 23 24 25 |
---------------+----------------------------------------------------------------------------+-----
Short Blades   | 2 3 4 5 |  5.0
Evocations     | 2 3 5 7 8 12 13 14 | 14.0
Fighting       | 4 6 7 8 10 14 15 18 | 18.1
Throwing       | 1 2 |  2.0
Spellcasting   | 3 8 12 13 15 18 20 22 23 24 | 24.0
Dodging        | 2 |  2.0
Stealth        | 5 |  5.0
Ice Magic      | 4 5 8 10 11 14 15 18 20 21 22 23 24 25 27 | 27.0
Conjurations   | 4 5 6 8 9 12 | 12.0
Hexes          | 2 6 |  6.0
Translocations | 3 |  3.0
Air Magic      | 2 4 |  4.0
Earth Magic    | 2 4 |  4.0
Transmutations | 3 5 |  5.0
Necromancy     | 2 |  2.1

Action                     |  1- 3 |  4- 6 |  7- 9 | 10-12 | 13-15 | 16-18 | 19-21 | 22-24 | 25-27 || total
---------------------------+-------+-------+-------+-------+-------+-------+-------+-------+-------++-------
  Melee: Dagger            |    17 |   139 |   572 |  1025 |   750 |    70 |    79 |    17 |    54 ||  2723
         Punch             |       |     1 |     7 |    25 |    18 |     2 |     3 |     4 |     1 ||    61
         Staff             |       |       |       |       |       |       |     9 |    49 |       ||    58
         Demon blade       |       |       |       |       |       |       |       |    32 |       ||    32
  Throw: Dart              |       |     6 |    24 |   140 |   119 |       |       |       |       ||   289
         Boomerang         |       |       |     6 |       |    65 |    15 |     2 |     5 |       ||    93
   Cast: Hailstorm         |       |       |       |   105 |   159 |       |       |       |       ||   264
         Ensorcelled Hiber |       |       |       |     9 |    72 |       |       |       |       ||    81
         Blink             |       |       |       |     7 |    18 |       |       |       |       ||    25
         Metabolic Englaci |       |       |       |     4 |    32 |     1 |       |       |       ||    37
         Freezing Cloud    |       |       |       |       |   190 |    76 |    36 |    24 |    17 ||   343
         Irradiate         |       |       |       |       |    20 |   120 |    36 |   146 |    31 ||   353
         Ozocubu's Refrige |       |       |       |       |    98 |   315 |   408 |   448 |   130 ||  1399
         Polar Vortex      |       |       |       |       |       |     3 |    71 |   139 |    40 ||   253
         Orb of Destructio |       |       |       |       |       |       |       |     8 |     5 ||    13
         Dispel Undead     |       |       |       |       |       |       |       |     7 |       ||     7
  Evoke: Wand              |       |     5 |    11 |    22 |    11 |    10 |     5 |    10 |     1 ||    75
         Box of beasts     |       |       |       |       |     1 |     1 |     1 |     2 |     1 ||     6
         Lightning rod     |       |       |       |       |       |     2 |       |       |       ||     2
         Phantom mirror    |       |       |       |       |       |       |       |     1 |       ||     1
    Use: Scroll            |       |       |     6 |    13 |    12 |     9 |     7 |    25 |       ||    72
   Stab: Sleeping          |     1 |     1 |     3 |     3 |    46 |       |     1 |     1 |       ||    56
         Invisible         |       |       |       |     4 |       |       |       |       |       ||     4
         Distracted        |       |       |       |     1 |       |       |       |       |     1 ||     2
         Paralysed         |       |       |       |     3 |       |       |       |       |       ||     3
 Armour: Ring mail         |     3 |    23 |    56 |       |       |       |       |       |       ||    82
         Chain mail        |       |       |   157 |    91 |       |       |       |       |       ||   248
         Steam dragon scal |       |       |       |   170 |   240 |   116 |   104 |   198 |    66 ||   894
  Dodge: Dodged            |    12 |    66 |   373 |   719 |   810 |   170 |   194 |   305 |    81 ||  2730
  Block: Other             |       |       |       |       |       |    52 |    23 |       |       ||    75
         Reflection        |       |       |       |       |       |     4 |     7 |       |       ||    11

Table legend: (Time is in decaauts)
 A = Elapsed time spent in this place.
 B = Non-inter-level travel time spent in this place.
 C = Inter-level travel time spent in this place.
 D = Time resting spent in this place.
 E = Time spent auto-exploring this place.
 F = Levels seen in this place.
 G = Mean time per level.
                   A        B        C        D        E       F      G
               +--------+--------+--------+--------+--------+-----+--------+
         Total | 108758 | 102679 |   6079 |  51514 |  29581 |  50 | 2175.2 |
       Dungeon |  24788 |  22073 |   2715 |   7905 |   8853 |  15 | 1652.5 |
        Temple |     48 |      2 |     46 |      0 |      0 |   1 |   48.0 |
          Lair |  10365 |   9798 |    567 |   2967 |   3603 |   5 | 2073.0 |
        Shoals |   6900 |   6730 |    170 |   3979 |   1759 |   4 | 1725.0 |
     Snake Pit |   9939 |   9512 |    427 |   5577 |   3006 |   4 | 2484.8 |
  Orcish Mines |   4639 |   4417 |    222 |   2582 |   1202 |   2 | 2319.5 |
   Elven Halls |   9846 |   9677 |    169 |   5899 |   1930 |   3 | 3282.0 |
        Vaults |  12034 |  11566 |    468 |   5307 |   3657 |   5 | 2406.8 |
        Depths |   7818 |   7150 |    668 |   3027 |   2713 |   4 | 1954.5 |
           Zot |  21011 |  20385 |    626 |  13629 |   2641 |   5 | 4202.2 |
         Abyss |    570 |    570 |      0 |    324 |      0 |   1 |  570.0 |
      Gauntlet |    794 |    794 |      0 |    316 |    216 |   1 |  794.0 |
               +--------+--------+--------+--------+--------+-----+--------+

Top non-repeatable levels by time:
   Zot:4: 8408 daAuts
   Zot:5: 5898 daAuts
   Elf:3: 3915 daAuts
  Lair:4: 3902 daAuts
     D:8: 3504 daAuts
   Elf:1: 3142 daAuts
   Orc:2: 3101 daAuts
   Zot:1: 3064 daAuts
Depths:1: 2851 daAuts
Vaults:2: 2820 daAuts
Vaults:5: 2810 daAuts
   Elf:2: 2788 daAuts
 Snake:2: 2719 daAuts
 Snake:4: 2642 daAuts
Vaults:1: 2564 daAuts
